 Dungeon Crawl Stone Soup version 0.32-a0-779-g362cfcae2a (webtiles) character file.

Game seed: 14751581227017046387

844 ezpacito the Trooper (level 8, -5/61 HPs)
             Began as a Coglin Chaos Knight on Mar 19, 2024.
             Was a Plaything of Xom.
             Slain by a kobold brigand
             ... wielding a +0 whip of distortion
              (7 damage)
             ... on level 5 of the Dungeon.
             The game lasted 00:05:45 (4163 turns).

ezpacito the Trooper (Coglin Chaos Knight)          Turns: 4163, Time: 00:05:45

Health: -5/61      AC:  7    Str: 14    XL:     8   Next: 0%
Magic:  10/10      EV: 12    Int: 11    God:    Xom [..*...]
Gold:   181        SH:  0    Dex: 17    Spells: 10/10 levels left

rFire   . . .        a - +0 hand axe (chaos) {Birgit}
rCold   . . .        e - +0 trident {Juwon}
rNeg    . . .        b - +2 leather armour
rPois   .            (no helmet)
rElec   +            (no cloak)
rCorr   .            n - +0 pair of gloves
SInv    .            d - +0 pair of boots
Will    .....        (amulet unavailable)
Stlth   ++           (ring unavailable)
HPRegen 0.30/turn    (ring unavailable)
MPRegen 0.12/turn    (no gizmo)

%: clarity
@: revved
A: off-hand wielding, slow wielding, warmup strikes, no jewellery, agile 1,
clarity, sense surroundings 1, electricity resistance
a: Invent Gizmo, Renounce Religion


You were on level 5 of the Dungeon.
You worshipped Xom.
You were a toy of Xom.
You visited 2 branches of the dungeon, and saw 6 of its levels.

You collected 313 gold pieces.
You spent 132 gold pieces at shops.

Inventory:

Hand Weapons
 a - a +0 hand axe of chaos (weapon) {Birgit}
 e - a +0 trident (offhand) {Juwon}
Missiles
 l - 6 boomerangs
 m - 5 javelins (quivered)
Armour
 b - a +2 leather armour (worn)
 d - a +0 pair of boots (worn)
 n - a +0 pair of gloves (worn)
Magical Staves
 c - a staff of death
 y - a staff of air
Wands
 u - a wand of paralysis (14)
Scrolls
 h - a scroll of amnesia {unknown}
 j - 2 scrolls of vulnerability
 k - a scroll of enchant armour {unknown}
 o - 2 scrolls of immolation
 q - a scroll of revelation {unknown}
 s - a scroll of poison
 t - 4 scrolls of teleportation
 w - a scroll of blinking {unknown}
Potions
 p - a potion of enlightenment
 r - a potion of brilliance
 v - 2 potions of mutation
 A - a potion of magic


   Skills:
 * Level 4.7 Fighting
 * Level 4.6(4.9) Axes
 + Level 2.0(3.3) Polearms
 * Level 3.8 Armour
 * Level 3.2 Dodging
 + Level 2.0 Stealth
 + Level 1.7 Spellcasting
 + Level 0.4 Necromancy
 + Level 0.7 Evocations


You had 10 spell levels left.
You didn't know any spells.
Your spell library contained the following spells:

 Spells                   Type           Power      Damage    Failure   Level
 Scorch                   Fire           0%         2d5       50%         2
 Flame Wave               Conj/Fire      0%         2d4       98%         4
 Summon Cactus Giant      Summ           0%         N/A       100%        6


Dungeon Overview and Level Annotations

Branches:
Dungeon (5/15)             Temple (1/1) D:5

Altars:
Ashenzari
Cheibriados
Dithmenos
Elyvilon
Fedhas
Gozag
Hepliaklqana
Kikubaaqudgha
Makhleb
Nemelex Xobeh
Okawaru
Qazlal
Ru
Sif Muna
Trog
Uskayaw
Vehumet
Wu Jian
Xom
Yredelemnul
Zin
The Shining One

Shops:
D:3 !   D:4 [=:(

Portals:
Abyss: D:5

Annotations:
D:5 1 transporter


Innate Abilities, Weirdness & Mutations

You can wield a second weapon in your off-hand.
It takes a long time for you to wield or remove held weapons.
Your first few attacks do less damage.
You cannot equip rings or amulets.
You are agile. (Dex +4, Str/Int -1)
You possess an exceptional clarity of mind.
You passively map a small area around you.
You are resistant to electric shocks. (rElec)


Message History

The crimson imp barely misses you.
You barely miss the crimson imp with your +0 hand axe of chaos.
The crimson imp is severely wounded.
You closely miss the crimson imp with your +0 trident.
The crimson imp's magic is no longer disrupted.
The crimson imp hits you but does no damage.
You hit the crimson imp with your +0 trident.
The crimson imp is severely wounded.
You closely miss the crimson imp with your +0 hand axe of chaos.
The crimson imp closely misses you.
You closely miss the crimson imp with your +0 hand axe of chaos.
The crimson imp is severely wounded.
You hit the crimson imp with your +0 trident.
The crimson imp blinks!
Xom's power almost touches on you for a moment.
Dim shapes swim through the crystal wall.
The kobold brigand completely misses you.
You barely miss the kobold brigand with your +0 trident.
The kobold brigand is heavily wounded.
You hit the kobold brigand with your +0 hand axe of chaos.
You freeze the kobold brigand.
You barely miss the crimson imp with your +0 hand axe of chaos.
The kobold brigand hits you with a +0 whip of distortion.
* * * LOW HITPOINT WARNING * * *
Space warps horribly around you!
* * * LOW HITPOINT WARNING * * *
The crimson imp barely misses you.
You take 16 damage, and have 2/61 hp.
MASSIVE DAMAGE!!
You puncture the kobold brigand with your +0 trident!
The kobold brigand is almost dead.
You closely miss the kobold brigand with your +0 hand axe of chaos.
You barely miss the crimson imp with your +0 hand axe of chaos.
The kobold brigand misses you.
The crimson imp blinks!
You hit the kobold brigand but do no damage.
The kobold brigand is almost dead.
You closely miss the kobold brigand with your +0 trident.
The kobold brigand hits you with a +0 whip of distortion.
* * * LOW HITPOINT WARNING * * *
Space warps around you!
You die...

...# #.....## #........ (..#
#....#####........ ...#####
######................#
.......####..........######.#####
..†..........................>###
..............................#..
...#.....###..###.............#.#
...#....##.####§##.###..........#
...#....#.#.##§§@###∩#..........#
####....#©...5.##K§..#........#..
#...##...#§#####K##....#.#...#
#..##.#.###.#..#.#.....#......
#..##...#.##..#.##........[...
#...##?##..#.#.##......###....
#....###..##...#©......# #....
#.........#.##.#.....#.###....
#........##..#.###...#.##..###


You could see a kobold brigand and a crimson imp.

Vanquished Creatures
  Sigmund (D:5)
  A small abomination (D:5)
  The ghost of JoadsterXIII the Trooper, an amateur HuFi (D:3)
  A phantom (D:4)
  A scorpion (D:5)
  The ghost of Jefftoothebobb the Magician, a weakling DjHW (D:5)
  A jelly (D:5)
  An iron imp (D:5)
  An iguana (D:5)
  A scorpion simulacrum (D:3)
  3 gnolls (D:3)
  8 adders
  A hound simulacrum (D:3)
  A ribbon worm (D:2)
  3 dart slugs
  2 adder simulacra (D:3)
  5 orcs (D:5)
  5 ball pythons
  10 endoplasms
  7 goblins
  8 hobgoblins
  5 jackals
  3 kobolds
  7 quokkas
  A ball python simulacrum (D:3)
  4 bats (D:1)
  A frilled lizard (D:2)
  5 rats
89 creatures vanquished.

Vanquished Creatures (collateral kills)
  A sleepcap (D:5)
1 creature vanquished.

Grand Total: 90 creatures vanquished

Notes
Turn   | Place    | Note
-------+----------+-------------------------------------------
     0 | D:1      | ezpacito the Coglin Chaos Knight began the quest for the
                  | Orb.
     0 | D:1      | Reached XP level 1. HP: 18/18 MP: 1/1
    41 | D:1      | Reached skill level 1 in Dodging
   203 | D:1      | Reached XP level 2. HP: 24/24 MP: 2/2
   256 | D:1      | XOM: noise
   390 | D:1      | You fall into a shaft and drop 1 floor!
   414 | D:2      | Reached XP level 3. HP: 29/29 MP: 3/3
   522 | D:1      | XOM: 5-stop teleportation journey
   607 | D:1      | XOM: 3-stop teleportation journey
   662 | D:1      | XOM: silly message
   836 | D:1      | XOM: silly message
   967 | D:1      | XOM: silly message
  1067 | D:2      | Reached XP level 4. HP: 31/35 MP: 4/4
  1520 | D:2      | XOM: divination: detect creatures
  1721 | D:3      | XOM: silly message
  1730 | D:3      | Found a runed translucent gate.
  1730 | D:3      | Found a runed translucent gate.
  1730 | D:3      | Found a runed translucent gate.
  1772 | D:3      | XOM: noise
  1795 | D:3      | XOM: 2-stop teleportation journey
  1813 | D:3      | Found a glowing golden altar of the Shining One.
  1873 | D:3      | Reached skill level 1 in Stealth
  1986 | D:3      | Found Qate's Distillery.
  1993 | D:3      | Reached XP level 5. HP: 41/42 MP: 4/6
  2020 | D:3      | Bought a potion of curing for 33 gold pieces
  2020 | D:3      | Bought a potion of enlightenment for 55 gold pieces
  2020 | D:3      | Bought a potion of brilliance for 44 gold pieces
  2051 | D:3      | Found a radiant altar of Vehumet.
  2216 | D:3      | XOM: confuse monster(s)
  2520 | D:3      | XOM: give mutations
  2520 | D:3      | Gained mutation: Your flesh is cold resistant. (rC+) [Xom's
                  | grace]
  2520 | D:3      | Gained mutation: You are agile. (Dex +4, Str/Int -1) [Xom's
                  | grace]
  2520 | D:3      | Gained mutation: You are resistant to electric shocks.
                  | (rElec) [Xom's grace]
  2520 | D:3      | Gained mutation: You have a beak for a mouth. [Xom's grace]
  2533 | D:3      | Noticed JoadsterXIII's ghost (amateur HuFi)
  2586 | D:3      | XOM: enchant monster (good)
  2587 | D:3      | Lost mutation: You have a beak for a mouth. [potion of
                  | mutation]
  2587 | D:3      | Lost mutation: Your flesh is cold resistant. (rC+) [potion
                  | of mutation]
  2587 | D:3      | Gained mutation: You possess an exceptional clarity of
                  | mind. [potion of mutation]
  2587 | D:3      | Gained mutation: You passively map a small area around you.
                  | [potion of mutation]
  2592 | D:3      | Killed JoadsterXIII's ghost
  2593 | D:3      | Reached skill level 1 in Polearms
  2593 | D:3      | Reached skill level 1 in Spellcasting
  2593 | D:3      | Reached XP level 6. HP: 48/48 MP: 7/7
  2595 | D:3      | XOM: scenery: 3 doors close
  2737 | D:4      | Found Miohih's Jewellery Shop.
  2737 | D:4      | Found Milangoo's Armour Shop.
  2737 | D:4      | Found Weve Tona's Book Shop.
  2738 | D:4      | Found Zang's Antique Weapon Shop.
  2854 | D:4      | XOM: polymorph adder -> jackal
  3106 | D:4      | XOM: smoke on damage
  3403 | D:5      | Entered Level 5 of the Dungeon
  3415 | D:5      | Found a transporter.
  3417 | D:5      | Found a one-way gate to the infinite horrors of the Abyss.
  3417 | D:5      | Noticed Jefftoothebobb's ghost (weakling DjHW)
  3418 | D:5      | Noticed Sigmund
  3433 | D:5      | Reached XP level 7. HP: 18/54 MP: 8/8
  3438 | D:5      | Killed Sigmund
  3625 | D:5      | XOM: summons friendly iron imp
  3638 | D:5      | Found a staircase to the Ecumenical Temple.
  3657 | D:5      | Found an iron altar of Okawaru.
  3681 | Temple   | Entered the Ecumenical Temple
  3741 | D:5      | Found a transporter.
  3811 | D:5      | Noticed a small abomination
  3825 | D:5      | XOM: scenery: create altars
  3907 | D:5      | Found a white marble altar of Elyvilon.
  4000 | D:5      | XOM: summons friendly ufetubus
  4002 | D:5      | XOM: polymorph ufetubus -> quasit
  4005 | D:5      | Killed Jefftoothebobb's ghost
  4008 | D:5      | XOM: 6-stop teleportation journey
  4131 | D:5      | XOM: butterfly on damage
  4132 | D:5      | XOM: blink monster(s)
  4144 | D:5      | Killed a small abomination
  4145 | D:5      | Reached XP level 8. HP: 14/61 MP: 10/10
  4160 | D:5      | XOM: silly message
  4161 | D:5      | HP: 2/61 [kobold brigand/+0 whip of distortion (10)]
  4163 | D:5      | Slain by a kobold brigand

Illustrated notes

Levels and vault maps discovered:
D:1:      minmay_arrival_solitary_statue, layout_basic, dreamdust_wishing_well
D:2:      layout_basic
D:3:      layout_loops_cross, tso_metal_star, vehumet_crystals,
          gammafunk_ghost_icy, serial_shops, shop, minmay_goblin_kobold_house
D:4:      layout_loops_cross, minmay_shop_grid_forest
D:5:      layout_rooms, okawaru_metal_pillars_1_2, mainiacjoe_overflow_brackets,
          minmay_temple_entry_arrows, gammafunk_ghost_abyssal_escape,
          uniq_sigmund
Temple:   nicolae_temple_bog_church

Skill      XL: |  1  2  3  4  5  6  7 |
---------------+----------------------+-----
Dodging        | 1 2 3 |  3.2
Armour         | 2 3 |  3.8
Stealth        | 1 2 |  2.0
Fighting       | 4 |  4.7
Polearms       | 1 2 |  2.0
Spellcasting   | 1 |  1.7
Axes           | 4 |  4.6
Necromancy     | |  0.4
Evocations     | |  0.7

Action                     |  1- 3 |  4- 6 |  7- 9 || total
---------------------------+-------+-------+-------++-------
  Melee: Hand axe          |    62 |   112 |    63 ||   237
         Dagger            |    58 |    25 |       ||    83
         Spear             |       |    71 |       ||    71
         Trident           |       |    31 |    75 ||   106
  Throw: Javelin           |       |     2 |       ||     2
    Use: Potion            |       |     5 |     2 ||     7
         Scroll            |       |     2 |     8 ||    10
   Stab: Sleeping          |     2 |     4 |       ||     6
         Confused          |     2 |     2 |       ||     4
         Paralysed         |       |       |     3 ||     3
 Armour: Leather armour    |    29 |    82 |    31 ||   142
  Dodge: Dodged            |    43 |    75 |    37 ||   155

Table legend: (Time is in decaauts)
 A = Elapsed time spent in this place.
 B = Non-inter-level travel time spent in this place.
 C = Inter-level travel time spent in this place.
 D = Time resting spent in this place.
 E = Time spent auto-exploring this place.
 F = Levels seen in this place.
 G = Mean time per level.
                   A        B        C        D        E       F      G
               +--------+--------+--------+--------+--------+-----+--------+
         Total |   4193 |   3997 |    196 |    174 |   3056 |   6 |  698.8 |
       Dungeon |   4191 |   3996 |    195 |    174 |   3056 |   5 |  838.2 |
        Temple |      1 |      1 |      0 |      0 |      0 |   1 |    1.0 |
               +--------+--------+--------+--------+--------+-----+--------+

Top non-repeatable levels by time:
     D:3: 1087 daAuts
     D:1: 940 daAuts
     D:5: 767 daAuts
     D:2: 712 daAuts
     D:4: 683 daAuts
  Temple: 1 daAuts
